TOP OF THE 1ST |
Orem Owlz batting - Pitching for Boston (APP) Red Sox : RHP Andy Garvin
|
Pitching: RHP Andy Garvin
|
|
Batting: RHB Jose Ramirez
|
0-0: Called Strike 0-1: Ball 1-1: Ball 2-1: Foul Ball, location: 2F 2-2: Ball 3-2: Foul Ball, location: 2F 3-2: Foul Ball, location: 2F 3-2: Base on Balls
|
Batting: RHB Jon Shonka
|
0-0: Swinging Strike 0-1: Ball 1-1: Ball 2-1: Called Strike 2-2: Ball Wild Pitch! Jose Ramirez to second 3-2: Foul Ball, location: 2F 3-2: SINGLE (Groundball, 4MS, EV 68.8 MPH) (infield hit) Jose Ramirez to third
|
Batting: LHB Matthew Bale
|
0-0: Ball Wild Pitch! Jose Ramirez scores Jon Shonka to second 1-0: Called Strike 1-1: Foul Ball, location: 2F 1-2: Ball 2-2: Strikes out swinging
|
Batting: RHB T.J. Gray
|
0-0: Fly out, F8 (Flyball, 89XD, EV 98.1 MPH) Runner from 2nd tags up, SAFE at 3rd, no throw by CF
|
Batting: RHB J.R. Roberts
|
0-0: Ball 1-0: Ball 2-0: Ball 3-0: Base on Balls
|
Batting: LHB Spencer Palmer
|
0-0: Called Strike 0-1: Ball 1-1: DOUBLE (Line Drive, 78XD, EV 108.1 MPH) Jon Shonka scores J.R. Roberts to third Runner from 3rd tries for Home, SAFE, throw by LF to trailing runner, SAFE at third!
|
Batting: LHB Jamie Diebel
|
0-0: Ball 1-0: Swinging Strike 1-1: Ball 2-1: Called Strike 2-2: DOUBLE (Line Drive, 9LM, EV 104.4 MPH) Spencer Palmer scores
|
Batting: LHB Mutsuo IIda
|
0-0: Ball 1-0: Foul Ball, location: 2F 1-1: Ball 2-1: Foul Ball, location: 2F 2-2: Ball 3-2: Strikes out swinging
|
Top of the 1st over - 4 runs, 3 hits, 0 errors, 1 left on base; Orem 4 - Boston (APP) 0 |
BOTTOM OF THE 1ST |
Boston (APP) Red Sox batting - Pitching for Orem Owlz : RHP Jeff Shelton
|
Pitching: RHP Jeff Shelton
|
|
Batting: LHB John Buff
|
0-0: Foul Ball, location: 2F 0-1: Ball 1-1: Ball 2-1: Ball 3-1: Foul Ball, location: 2F 3-2: Foul Ball, location: 2F 3-2: Base on Balls
|
Batting: LHB Aaron Brannon
|
0-0: Ball 1-0: Fly out, F7 (Flyball, 78S, EV 85.0 MPH)
|
Batting: LHB Carlos Guerra
|
0-0: Ball 1-0: Called Strike 1-1: Ball 2-1: Ball 3-1: Base on Balls John Buff to second
|
Batting: RHB Sal Rivera
|
0-0: Ball Wild Pitch! John Buff to third Carlos Guerra to second 1-0: Called Strike 1-1: Fly out, F6 (Flyball, 56D, EV 93.8 MPH)
|
Batting: RHB Scott Hawkins
|
0-0: Swinging Strike 0-1: Swinging Strike 0-2: Foul Ball, location: 2F 0-2: Ball 1-2: Ball 2-2: DOUBLE (Line Drive, 78M, EV 99.4 MPH) John Buff scores Carlos Guerra scores
|
Batting: RHB Dominique Paolozzi
|
0-0: Ball 1-0: Ball 2-0: DOUBLE (Line Drive, 7LM, EV 105.0 MPH) Scott Hawkins scores
|
Batting: RHB Rogelio Cervantes
|
0-0: Ground out 4-3 (Groundball, 4S, EV 79.4 MPH)
|
Bottom of the 1st over - 3 runs, 2 hits, 0 errors, 1 left on base; Orem 4 - Boston (APP) 3 |
TOP OF THE 2ND |
Orem Owlz batting - Pitching for Boston (APP) Red Sox : RHP Andy Garvin
|
Batting: RHB Dan Burkhart
|
0-0: Ball 1-0: Foul Ball, location: 2F 1-1: Ball 2-1: Ball 3-1: Foul Ball, location: 2F 3-2: Base on Balls
|
Batting: RHB Jose Ramirez
|
0-0: Ball Dan Burkhart steals 2nd base 1-0: Foul Ball, location: 2F 1-1: Ball 2-1: Ground out 6-3 (Groundball, 6, EV 83.1 MPH) Dan Burkhart to third
|
Batting: RHB Jon Shonka
|
0-0: Called Strike 0-1: Ball 1-1: Fly out, F8 (Flyball, 89M, EV 95.6 MPH)
|
Batting: LHB Matthew Bale
|
0-0: Called Strike 0-1: Ball 1-1: Foul Ball, location: 2F 1-2: Ground out 6-3 (Groundball, 6, EV 106.2 MPH)
|
Top of the 2nd over - 0 runs, 0 hits, 0 errors, 1 left on base; Orem 4 - Boston (APP) 3 |
BOTTOM OF THE 2ND |
Boston (APP) Red Sox batting - Pitching for Orem Owlz : RHP Jeff Shelton
|
Batting: RHB Josh Smith
|
0-0: Ball 1-0: SINGLE (Groundball, 4M, EV 108.8 MPH) (infield hit)
|
Batting: RHB Paul Bennett
|
0-0: Swinging Strike 0-1: Foul Ball, location: 2F 0-2: Strikes out swinging
|
Batting: LHB John Buff
|
0-0: Ball 1-0: Ball 2-0: Ball 3-0: Base on Balls Josh Smith to second
|
Batting: LHB Aaron Brannon
|
0-0: SINGLE (Line Drive, 78S, EV 95.6 MPH) Josh Smith to third John Buff to second
|
Batting: LHB Carlos Guerra
|
0-0: Called Strike 0-1: Swinging Strike Passed Ball! Josh Smith scores John Buff to third Aaron Brannon to second 0-2: Ball 1-2: Ball 2-2: Strikes out swinging
|
Batting: RHB Sal Rivera
|
0-0: Ball 1-0: Foul Ball, location: 2F 1-1: Foul Ball, location: 2F 1-2: Ball 2-2: Ball 3-2: Fly out, F7 (Flyball, 7S, EV 85.6 MPH)
|
Bottom of the 2nd over - 1 run, 2 hits, 0 errors, 2 left on base; Orem 4 - Boston (APP) 4 |
TOP OF THE 3RD |
Orem Owlz batting - Pitching for Boston (APP) Red Sox : RHP Andy Garvin
|
Batting: RHB T.J. Gray
|
0-0: Ball 1-0: Ball 2-0: Called Strike 2-1: Ball 3-1: Called Strike 3-2: Ground out 6-3 (Groundball, P, EV 82.5 MPH)
|
Batting: RHB J.R. Roberts
|
0-0: Called Strike 0-1: Swinging Strike 0-2: Ball 1-2: Strikes out swinging
|
Batting: LHB Spencer Palmer
|
0-0: Ball 1-0: Ball 2-0: Called Strike 2-1: Ball 3-1: Called Strike 3-2: Foul Ball, location: 2F 3-2: Foul Ball, location: 2F 3-2: Strikes out swinging
|
Top of the 3rd over - 0 runs, 0 hits, 0 errors, 0 left on base; Orem 4 - Boston (APP) 4 |
BOTTOM OF THE 3RD |
Boston (APP) Red Sox batting - Pitching for Orem Owlz : RHP Jeff Shelton
|
Batting: RHB Scott Hawkins
|
0-0: Swinging Strike 0-1: Ground out 5-3 (Groundball, 56S, EV 81.9 MPH)
|
Batting: RHB Dominique Paolozzi
|
0-0: SINGLE (Groundball, 6MD, EV 96.2 MPH)
|
Batting: RHB Rogelio Cervantes
|
0-0: Reached on error, E5 (Groundball, 56, EV 83.8 MPH) Dominique Paolozzi to second
|
Batting: RHB Josh Smith
|
0-0: Ball 1-0: Called Strike 1-1: Foul Ball, location: 2F 1-2: Ball 2-2: Strikes out swinging
|
Batting: RHB Paul Bennett
|
0-0: Fly out, F8 (Flyball, 8RS, EV 91.2 MPH)
|
Bottom of the 3rd over - 0 runs, 1 hit, 1 error, 2 left on base; Orem 4 - Boston (APP) 4 |
TOP OF THE 4TH |
Orem Owlz batting - Pitching for Boston (APP) Red Sox : RHP Andy Garvin
|
Batting: LHB Jamie Diebel
|
0-0: Called Strike 0-1: Ground out 6-3 (Groundball, 6, EV 82.5 MPH)
|
Batting: LHB Mutsuo IIda
|
0-0: Ball 1-0: Called Strike 1-1: SINGLE (Groundball, 5S, EV 65.0 MPH) (infield hit)
|
Batting: RHB Dan Burkhart
|
0-0: Ball 1-0: Ball 2-0: Foul Ball, location: 2F 2-1: Called Strike 2-2: Ball 3-2: Strikes out looking
|
Pitching: RHP Victor Fuentes
|
|
Batting: RHB Jose Ramirez
|
0-0: Ball 1-0: Called Strike 1-1: Fly out, F7 (Flyball, 7, EV 89.4 MPH)
|
Top of the 4th over - 0 runs, 1 hit, 0 errors, 1 left on base; Orem 4 - Boston (APP) 4 |
BOTTOM OF THE 4TH |
Boston (APP) Red Sox batting - Pitching for Orem Owlz : RHP Jeff Shelton
|
Batting: LHB John Buff
|
0-0: Foul Ball, location: 2F 0-1: Ball 1-1: Foul Ball, location: 2F 1-2: Ground out 4-3 (Groundball, 4, EV 76.9 MPH)
|
Batting: LHB Aaron Brannon
|
0-0: Foul Ball, location: 2F 0-1: Foul Ball, location: 2F 0-2: Ground out 4-3 (Groundball, 4, EV 83.1 MPH)
|
Batting: LHB Carlos Guerra
|
0-0: Ball 1-0: Called Strike 1-1: Ball 2-1: Called Strike 2-2: Ball 3-2: Base on Balls
|
Batting: RHB Sal Rivera
|
0-0: Foul Ball, location: 2F 0-1: Called Strike 0-2: DOUBLE (Flyball, 8RXD, EV 95.0 MPH) Carlos Guerra to third Runner from 3rd tries for Home, SAFE, throw by CF to home
|
Batting: RHB Scott Hawkins
|
0-0: Ball 1-0: Ball 2-0: Called Strike 2-1: Ball 3-1: Fly out, F8 (Flyball, 8LD, EV 76.2 MPH)
|
Bottom of the 4th over - 1 run, 1 hit, 0 errors, 1 left on base; Orem 4 - Boston (APP) 5 |
TOP OF THE 5TH |
Orem Owlz batting - Pitching for Boston (APP) Red Sox : RHP Victor Fuentes
|
Batting: RHB Jon Shonka
|
0-0: Swinging Strike 0-1: Ball 1-1: Ball 2-1: Ground out 6-3 (Groundball, 56, EV 106.9 MPH)
|
Batting: LHB Matthew Bale
|
0-0: Ball 1-0: Fly out, F8 (Flyball, 8LD, EV 92.5 MPH)
|
Batting: RHB T.J. Gray
|
0-0: Called Strike 0-1: Ball 1-1: Called Strike 1-2: Ball 2-2: SINGLE (Groundball, 6M, EV 101.9 MPH) (infield hit)
|
Batting: RHB J.R. Roberts
|
0-0: Called Strike T.J. Gray steals 2nd base 0-1: Ball 1-1: Foul Ball, location: 2F 1-2: Ball 2-2: Ball 3-2: Fly out, F8 (Flyball, 78M, EV 96.2 MPH)
|
Top of the 5th over - 0 runs, 1 hit, 0 errors, 1 left on base; Orem 4 - Boston (APP) 5 |
BOTTOM OF THE 5TH |
Boston (APP) Red Sox batting - Pitching for Orem Owlz : RHP Jeff Shelton
|
Batting: RHB Dominique Paolozzi
|
0-0: Foul Ball, location: 2F 0-1: Swinging Strike 0-2: Strikes out swinging
|
Batting: RHB Rogelio Cervantes
|
0-0: Called Strike 0-1: Swinging Strike 0-2: Ball 1-2: Ball 2-2: Ball 3-2: Base on Balls
|
Batting: RHB Josh Smith
|
0-0: Foul Ball, location: 2F 0-1: Ball Rogelio Cervantes steals 2nd base 1-1: Ball 2-1: Called Strike Rogelio Cervantes steals 3rd base 2-2: DOUBLE (Groundball, 5L, EV 98.1 MPH) Rogelio Cervantes scores
|
Batting: RHB Paul Bennett
|
0-0: Called Strike 0-1: Swinging Strike 0-2: Ball 1-2: Ball 2-2: Foul Ball, location: 2F 2-2: SINGLE (Line Drive, 89M, EV 85.0 MPH) Josh Smith to third
|
Batting: LHB John Buff
|
0-0: Called Strike 0-1: Ball 1-1: Ball 2-1: Ball 3-1: Called Strike 3-2: SINGLE (Groundball, 56S, EV 67.5 MPH) (infield hit) Josh Smith scores Paul Bennett to second
|
Batting: LHB Aaron Brannon
|
0-0: Ball 1-0: Ball 2-0: Called Strike 2-1: Fielders Choice at 2nd, 3-6 (Groundball, 34, EV 80.0 MPH) Paul Bennett to third
|
Pitching: RHP Dean LeCroy
|
|
Batting: LHB Carlos Guerra
|
0-0: Called Strike 0-1: Ball 1-1: Ball 2-1: Ball 3-1: Foul Ball, location: 2F 3-2: Base on Balls Aaron Brannon to second
|
Batting: RHB Sal Rivera
|
0-0: Ball 1-0: Foul Ball, location: 2F 1-1: Fly out, F5 (Popup, 5S, EV 83.1 MPH)
|
Bottom of the 5th over - 2 runs, 3 hits, 0 errors, 3 left on base; Orem 4 - Boston (APP) 7 |
TOP OF THE 6TH |
Orem Owlz batting - Pitching for Boston (APP) Red Sox : RHP Victor Fuentes
|
Batting: LHB Spencer Palmer
|
0-0: SINGLE (Line Drive, 9LM, EV 100.0 MPH)
|
Batting: LHB Jamie Diebel
|
0-0: Foul Ball, location: 2F 0-1: Ball 1-1: Fly out, F7 (Line Drive, 7D, EV 91.2 MPH)
|
Batting: LHB Mutsuo IIda
|
0-0: Ball 1-0: Fielders Choice at 2nd, 5-4 (Groundball, 56S, EV 93.8 MPH)
|
Batting: RHB Dan Burkhart
|
0-0: Called Strike 0-1: Ball 1-1: Foul Ball, location: 2F 1-2: Ball 2-2: Foul Ball, location: 2F 2-2: Foul Ball, location: 2F 2-2: Ball 3-2: Foul Ball, location: 2F 3-2: Base on Balls Mutsuo IIda to second
|
Batting: RHB Jose Ramirez
|
0-0: Ball 1-0: Ball Passed Ball! Mutsuo IIda to third Dan Burkhart to second 2-0: Called Strike 2-1: Called Strike 2-2: Fly out, F8 (Flyball, 8LD, EV 83.1 MPH)
|
Top of the 6th over - 0 runs, 1 hit, 0 errors, 2 left on base; Orem 4 - Boston (APP) 7 |
BOTTOM OF THE 6TH |
Boston (APP) Red Sox batting - Pitching for Orem Owlz : RHP Dean LeCroy
|
Batting: RHB Scott Hawkins
|
0-0: Ball 1-0: Ball 2-0: Ball 3-0: Base on Balls
|
Batting: RHB Dominique Paolozzi
|
0-0: Called Strike 0-1: Ball 1-1: Fielders Choice at 2nd, 4-6 (Groundball, 4MD, EV 86.2 MPH)
|
Batting: RHB Rogelio Cervantes
|
0-0: Ball 1-0: Foul Ball, location: 2F 1-1: Ball 2-1: Ball 3-1: Foul Ball, location: 2F 3-2: Base on Balls Dominique Paolozzi to second
|
Batting: RHB Josh Smith
|
0-0: Ball 1-0: Swinging Strike 1-1: Foul Ball, location: 2F 1-2: Ball 2-2: Foul Ball, location: 2F 2-2: Ball 3-2: Base on Balls Dominique Paolozzi to third Rogelio Cervantes to second
|
Batting: RHB Paul Bennett
|
0-0: Called Strike 0-1: DOUBLE (Flyball, 89D, EV 102.5 MPH) Dominique Paolozzi scores Rogelio Cervantes scores Josh Smith to third
|
Batting: LHB John Buff
|
0-0: Ball 1-0: Foul Ball, location: 2F 1-1: Swinging Strike 1-2: Ball 2-2: Ball 3-2: Foul Ball, location: 2F 3-2: SINGLE (Groundball, 34D, EV 96.9 MPH) Josh Smith scores Paul Bennett to third
|
Batting: LHB Aaron Brannon
|
0-0: Ball 1-0: Ball John Buff steals 2nd base 2-0: Fly out, F8 (Flyball, 8RM, EV 89.4 MPH) Runner from 3rd tags up, SCORES, throw by CF
|
Batting: LHB Carlos Guerra
|
0-0: Foul Ball, location: 2F 0-1: Ball 1-1: Foul Ball, location: 2F 1-2: Ball 2-2: Foul Ball, location: 2F 2-2: Ball 3-2: Base on Balls
|
Batting: RHB Sal Rivera
|
0-0: Ball 1-0: Ball 2-0: Called Strike 2-1: Ball 3-1: Base on Balls John Buff to third Carlos Guerra to second
|
Batting: RHB Scott Hawkins
|
0-0: Called Strike 0-1: DOUBLE (Groundball, 3L, EV 100.6 MPH) John Buff scores Carlos Guerra scores Sal Rivera to third Runner from 3rd tries for Home, SAFE, throw by RF to home
|
Pitching: LHP Yee Koh
|
|
Batting: RHB Dominique Paolozzi
|
0-0: Called Strike 0-1: Foul Ball, location: 2F 0-2: Ball 1-2: Strikes out swinging
|
Bottom of the 6th over - 7 runs, 3 hits, 0 errors, 1 left on base; Orem 4 - Boston (APP) 14 |
TOP OF THE 7TH |
Orem Owlz batting - Pitching for Boston (APP) Red Sox : RHP Victor Fuentes
|
Batting: RHB Jon Shonka
|
0-0: DOUBLE (Flyball, 8LXD, EV 93.1 MPH)
|
Batting: LHB Matthew Bale
|
0-0: Called Strike 0-1: 2-RUN HOME RUN (Flyball, 9D, EV 93.1 MPH), Distance : 374 ft
|
Batting: RHB T.J. Gray
|
0-0: Called Strike 0-1: Called Strike 0-2: Ball 1-2: Fly out, F5 (Line Drive, 5, EV 66.9 MPH)
|
Batting: RHB J.R. Roberts
|
0-0: Foul Ball, location: 2F 0-1: Ball 1-1: Called Strike 1-2: Ball 2-2: Foul Ball, location: 2F 2-2: Ball 3-2: Strikes out swinging, 2-3 out at first.
|
Batting: LHB Spencer Palmer
|
0-0: Ball 1-0: Swinging Strike 1-1: Foul Ball, location: 2F 1-2: Strikes out swinging
|
Top of the 7th over - 2 runs, 2 hits, 0 errors, 0 left on base; Orem 6 - Boston (APP) 14 |
BOTTOM OF THE 7TH |
Boston (APP) Red Sox batting - Pitching for Orem Owlz : LHP Yee Koh
|
Batting: RHB Rogelio Cervantes
|
0-0: Ball 1-0: Fly out, F4 (Flyball, 4D, EV 83.8 MPH)
|
Batting: RHB Josh Smith
|
0-0: Foul Ball, location: 2F 0-1: Called Strike 0-2: Ball 1-2: Foul Ball, location: 2F 1-2: Strikes out swinging
|
Batting: RHB Paul Bennett
|
0-0: Swinging Strike 0-1: Ball 1-1: Foul Ball, location: 2F 1-2: Ground out U3 (Groundball, 34, EV 89.4 MPH)
|
Bottom of the 7th over - 0 runs, 0 hits, 0 errors, 0 left on base; Orem 6 - Boston (APP) 14 |
TOP OF THE 8TH |
Orem Owlz batting - Pitching for Boston (APP) Red Sox : RHP Victor Fuentes
|
Pitching: RHP Tyler Tomblin
|
|
Batting: LHB Jamie Diebel
|
0-0: Called Strike 0-1: Ball 1-1: Swinging Strike 1-2: Strikes out swinging
|
Pinch Hitting: SHB Winikeneke Keikemamake
|
0-0: Ball 1-0: SOLO HOME RUN (Flyball, 9D, EV 98.8 MPH), Distance : 366 ft
|
Batting: RHB Dan Burkhart
|
0-0: Foul Ball, location: 2F 0-1: Ball 1-1: Swinging Strike 1-2: Ball 2-2: Ground out U3 (Groundball, 34, EV 86.2 MPH)
|
Batting: RHB Jose Ramirez
|
0-0: Called Strike 0-1: Ball 1-1: Ground out 6-3 (Groundball, 6, EV 83.8 MPH)
|
Top of the 8th over - 1 run, 1 hit, 0 errors, 0 left on base; Orem 7 - Boston (APP) 14 |
BOTTOM OF THE 8TH |
Boston (APP) Red Sox batting - Pitching for Orem Owlz : LHP Yee Koh
|
Now in CF: Winikeneke Keikemamake
|
|
Batting: LHB John Buff
|
0-0: Foul Ball, location: 2F 0-1: Swinging Strike 0-2: Ball 1-2: DOUBLE (Groundball, 3L, EV 101.9 MPH)
|
Batting: LHB Aaron Brannon
|
0-0: Called Strike 0-1: Called Strike 0-2: Strikes out swinging
|
Batting: LHB Carlos Guerra
|
0-0: Foul Ball, location: 2F 0-1: Ball 1-1: Foul Ball, location: 2F 1-2: Foul Ball, location: 2F 1-2: Foul Ball, location: 2F 1-2: SINGLE (Groundball, 4D, EV 96.2 MPH) John Buff to third Runner from 3rd tries for Home, SAFE, throw by RF to home
|
Batting: RHB Sal Rivera
|
0-0: Swinging Strike 0-1: Foul Ball, location: 2F 0-2: Ball 1-2: Strikes out swinging
|
Batting: RHB Scott Hawkins
|
0-0: Ball 1-0: Ball 2-0: TRIPLE (Groundball, 3L, EV 105.0 MPH) Carlos Guerra scores
|
Batting: RHB Dominique Paolozzi
|
0-0: Ball 1-0: Fly out, F3 (Flyball, 3D, EV 91.2 MPH)
|
Bottom of the 8th over - 2 runs, 3 hits, 0 errors, 1 left on base; Orem 7 - Boston (APP) 16 |
TOP OF THE 9TH |
Orem Owlz batting - Pitching for Boston (APP) Red Sox : RHP Tyler Tomblin
|
Batting: RHB Jon Shonka
|
0-0: Ground out 6-3 (Groundball, 6MD, EV 101.2 MPH)
|
Batting: LHB Matthew Bale
|
0-0: Ball 1-0: Ball 2-0: Called Strike 2-1: Ball 3-1: Foul Ball, location: 2F 3-2: Ground out U3 (Groundball, 3, EV 81.9 MPH)
|
Batting: RHB T.J. Gray
|
0-0: Ball 1-0: Swinging Strike 1-1: Foul Ball, location: 2F 1-2: Ball 2-2: Strikes out swinging
|
Top of the 9th over - 0 runs, 0 hits, 0 errors, 0 left on base; Orem 7 - Boston (APP) 16 |
|